 Dungeon Crawl Stone Soup version 0.20-a0-270-g8e735b6 (webtiles) character file.

27992 Gorice the Fighter (level 13, -4/108 HPs)
             Began as a Demonspawn Necromancer on Dec 8, 2016.
             Was a High Priest of Kikubaaqudgha.
             Slain by a seven-headed hydra (16 damage)
             ... on level 5 of the Lair of Beasts on Dec 10, 2016.
             The game lasted 02:19:15 (19967 turns).

Gorice the Fighter (Demonspawn Necromancer)        Turns: 19967, Time: 02:19:16

Health: -4/108     AC:  8    Str:  9    XL:     13   Next: 7%
Magic:  1/27       EV: 18    Int: 20    God:    Kikubaaqudgha [*****.]
Gold:   1078       SH:  6    Dex: 15    Spells: 3/33 levels left

rFire  + . .     SeeInvis .     a - +4 mace
rCold  . . .     Gourm    .     E - +2 leather armour {rF+}
rNeg   . . .     Faith    .     (no shield)
rPois  +         Spirit   .     (helmet unavailable)
rElec  .         Reflect  .     f - +1 cloak
rCorr  .         Harm     .     b - +0 pair of gloves
MR     +....                    (no boots)
Stlth  ++++......               n - amulet of regeneration
                                p - ring of poison resistance
                                M - ring of protection from magic

@: no status effects
A: horns 3, large bone plates 2, nightstalker 2, rot immunity
a: Receive Corpses, Torment, Renounce Religion


You were on level 5 of the Lair of Beasts.
You worshipped Kikubaaqudgha.
Kikubaaqudgha was extremely pleased with you.
You were not hungry.

You visited 3 branches of the dungeon, and saw 17 of its levels.
You also visited: Volcano.

You collected 1213 gold pieces.
You spent 135 gold pieces at shops.

Inventory:

Hand Weapons
 a - a +4 mace (weapon)
 e - the +1 dire flail "Wef Igas" {speed, *Drain MR+ Stlth+}
   (You found it on level 5 of the Lair of Beasts)

   Attacks with this weapon are significantly faster.
   It affects your resistance to hostile enchantments.
   It causes draining when unequipped.
   It makes you more stealthy.
 B - a +0 blowgun
 U - a +0 falchion of flaming
   (You found it on level 8 of the Dungeon)
Missiles
 h - 7 curare-tipped needles
 C - 25 tomahawks (quivered)
 H - a tomahawk of dispersal
 Y - a throwing net
Armour
 b - a +0 pair of gloves (worn)
 f - a +1 cloak (worn)
 E - a +2 leather armour of fire resistance (worn)
   (You found it in a volcano)
Jewellery
 i - an uncursed ring of see invisible
 j - an uncursed ring of positive energy
 n - an amulet of regeneration (around neck)
 p - a ring of poison resistance (right hand)
 K - an uncursed ring of ice
 M - a ring of protection from magic (left hand)
Wands
 d - a wand of acid (5/15)
 g - a wand of polymorph (20/24)
 k - a wand of disintegration (7/24)
 r - a wand of slowing (30/48)
 w - a wand of confusion (17/48)
Scrolls
 m - a scroll of identify
 s - 6 scrolls of remove curse
 I - 3 scrolls of teleportation {!r}
 T - a scroll of magic mapping {!r}
Potions
 l - 3 potions of haste {!q}
 t - 5 potions of curing
 u - 2 potions of resistance {!q}
 A - 3 potions of invisibility {!q}
 G - a potion of cancellation {!q}
 L - 3 potions of heal wounds {!q}
 S - 3 potions of agility {!q}
Books
 v - the Disquisition on Feathers and Cold
   (You found it on level 5 of the Lair of Beasts)

   Spells                             Type                      Level
   a - Shock                          Conjuration/Air              1
   b - Freeze                         Ice                          1
   c - Static Discharge               Conjuration/Air              3
   d - Mephitic Cloud                 Conjuration/Poison/Air       3
   e - Lightning Bolt                 Conjuration/Air              5
   f - Deflect Missiles               Charms/Air                   6
Comestibles
 c - 9 bread rations {!e}
 o - a beef jerky
 q - a slice of pizza
 x - 3 chunks of flesh
 Q - 23 fruits


   Skills:
 + Level 12.1 Fighting
 + Level 10.8 Dodging
 - Level 1.7 Stealth
 + Level 10.7 Spellcasting
 - Level 11.0 Necromancy


You had 3 spell levels left.
You knew the following spells:

 Your Spells              Type           Power        Failure   Level  Hunger
a - Pain                  Necr           ####         1%          1    None
b - Animate Skeleton      Necr           N/A          1%          1    None
d - Animate Dead          Necr           N/A          1%          4    ##.....
e - Control Undead        Necr           ######....   1%          4    ##.....
f - Sublimation of Blood  Necr           ######....   1%          2    None
g - Corpse Rot            Necr           N/A          1%          2    None
h - Agony                 Necr           ######..     2%          5    ####...
u - Dispel Undead         Necr           ######..     2%          5    ####...
v - Vampiric Draining     Necr           ######....   1%          3    None
R - Regeneration          Chrm/Necr      ####......   2%          3    None


Dungeon Overview and Level Annotations

Branches:
Dungeon (11/15)            Temple (1/1) D:7            Lair (5/6) D:11
  Swamp (0/4) Lair:2        Snake (0/4) Lair:2
  Slime: Lair:5-6       Orc: D:9-12

Altars:
Ashenzari
Cheibriados
Dithmenos
Elyvilon
Fedhas
Gozag
Hepliaklqana
Kikubaaqudgha
Makhleb
Nemelex Xobeh
Okawaru
Qazlal
Ru
Sif Muna
Trog
Uskayaw
Vehumet
Xom
Yredelemnul
Zin
The Shining One

Shops:
D:3 *   D:11 !

Annotations:
D:5 vpUX: window vault w wyvern
D:7 vpUX: deep water vault
D:11 vpUX: wraith (disp undead), exclusion: wraith
Lair:4 BattleRest's ghost, journeyman MiFi
Lair:5 exclusion: oklob plant


Innate Abilities, Weirdness & Mutations

You have a pair of large horns on your head.
You are mostly covered in large bone plates. (SH +6)
You are significantly more attuned to the shadows.
You are immune to rotting.


Message History

Aim: a seven-headed hydra (severely wounded)
The seven-headed hydra is almost dead.
You feel life coursing into your body.
The seven-headed hydra closely misses you. x2
The seven-headed hydra bites you!
* * * LOW HITPOINT WARNING * * *
You block the seven-headed hydra's attack.
The seven-headed hydra closely misses you.
The seven-headed hydra bites you!
* * * LOW HITPOINT WARNING * * *
The seven-headed hydra barely misses you.
Damage: 9 (max 32) Unknown command.
Unknown command.
Unknown command.
Unknown command.
Unknown command.
Casting: Vampiric Draining
Confirm with . or Enter, or press ? or * to list all spells.
Aiming: Pain
Press: ? - help, Shift-Dir - straight line, f/p - seven-headed hydra
Aim: a seven-headed hydra (almost dead, chance to defeat MR: 54%)
The seven-headed hydra writhes in agony!
You hear a distant blaring wail to the east.
The seven-headed hydra bites you!
* * * LOW HITPOINT WARNING * * *
The seven-headed hydra bites you!
* * * LOW HITPOINT WARNING * * *
The seven-headed hydra bites you!
* * * LOW HITPOINT WARNING * * *
The seven-headed hydra completely misses you.
The seven-headed hydra closely misses you.
The seven-headed hydra completely misses you.
The seven-headed hydra misses you.
Damage: 32 (max 32) Unknown command.
Unknown command.
Unknown command.
Really quaff
L - 4 potions of heal wounds {!q}?
You feel much better. The seven-headed hydra misses you.
The seven-headed hydra completely misses you.
The seven-headed hydra closely misses you.
The seven-headed hydra bites you!
* * * LOW HITPOINT WARNING * * *
The seven-headed hydra bites you.
* * * LOW HITPOINT WARNING * * *
The seven-headed hydra completely misses you.
The seven-headed hydra bites you!
You die...
Kikubaaqudgha rasps: "You have failed me!
Welcome... death!"

.................................
.................................
...................P.............
>....#..####P....#.##.##.........
.....#.P#####.....#.#..#P........
..÷.#.....###.....#...###........
....#P....P......................
...........P..........###..<.....
.....#.........D@.....#.#........
P.........P#...........##.......
≈P..#..#....#.......#.##........
≈≈≈P≈...PPP≈#...#....###.........
≈≈♣P....≈PP.........####........P
.≈≈♣≈≈≈.P≈.......................
.≈PP♣≈≈≈PPP...............)......
...P♣≈♣♣≈PP......................
.PPPP♣♣♣≈≈.......................


You could see a seven-headed hydra.

Vanquished Creatures
  Kirke (Lair:4)
  A hydra (Lair:5)
  A centaur warrior (Volcano)
  3 death yaks (Lair:5)
  A hell knight (Volcano)
  A hill giant (D:10)
  A lindwurm (Lair:3)
  A black mamba (Lair:3)
  A molten gargoyle (Volcano)
  8 spiny frogs
  3 komodo dragons
  A yaktaur (Volcano)
  A troll (D:10)
  Prince Ribbit (D:7)
  A hippogriff (Lair:2)
  8 blink frogs
  2 dream sheep (D:8)
  17 yaks
  Sigmund (D:3)
  A fire bat (Volcano)
  A basilisk (Lair:2)
  A wyvern (Lair:5)
  3 nagas (Lair:2)
  4 porcupines
  4 water moccasins
  3 black bears
  A sky beast (D:11)
  An orc warrior (D:9)
  5 ogres
  2 phantoms
  A necrophage (D:6)
  A hornet zombie (D:10)
  6 centaurs
  6 wolves
  4 crocodiles
  A big kobold (D:8)
  12 bullfrogs
  A gnoll sergeant (D:7)
  A wyvern skeleton (D:6)
  6 scorpions
  2 killer bees (D:10)
  3 electric eels
  A howler monkey (D:5)
  8 hounds
  7 jellies
  A lava snake (Volcano)
  2 quasits (D:10)
  4 bullfrog skeletons
  3 orc priests
  A human zombie (D:6)
  Crazy Yiuf (D:2)
  3 centaur skeletons
  Ijyb (D:2)
  Terence (D:2)
  8 iguanas
  7 orc wizards
  3 worker ants
  A hound zombie (D:5)
  A hound skeleton (D:4)
  Robin (D:3)
  16 adders
  7 gnolls
  5 shadow imps
  An ooze (D:2)
  3 worms
  2 dart slugs
  2 leopard geckos
  40 orcs
  7 giant cockroaches
  16 goblins
  13 hobgoblins
  17 jackals
  7 kobolds
  4 quokkas
  6 bats
  6 frilled lizards
  A giant cockroach zombie (D:6)
  A quokka skeleton (D:9)
  11 rats
343 creatures vanquished.

Vanquished Creatures (collateral kills)
  2 hydras
  2 death yaks (Lair:5)
  2 ugly things (D:11)
  A cyclops (D:11)
  2 manticores (D:11)
  3 spiny frogs
  A rime drake (Lair:5)
  3 komodo dragons
  A troll (D:11)
  A hippogriff (Lair:5)
  6 yaks
  A wyvern (D:9)
  A hog (Lair:4)
  A naga (Lair:2)
  A sky beast (D:10)
  An orc warrior (D:11)
  A necrophage (D:10)
  3 wolves (Lair:4)
  2 crocodiles (Lair:4)
  2 big kobolds (D:8)
  4 bullfrogs
  A scorpion (D:11)
  5 killer bees
  An electric eel (D:8)
  A hound (D:8)
  2 centaur skeletons
  An orc wizard (D:11)
  An iguana (D:11)
  A worker ant (D:8)
  A howler monkey zombie (D:8)
  A gnoll (D:5)
  A shadow imp (D:8)
  A leopard gecko (D:3)
  6 orcs
  A ball python (D:2)
  A giant cockroach (D:2)
  2 hobgoblins
  A jackal (D:2)
  A bat (D:3)
  6 goblins (D:2)
  A leopard gecko skeleton (D:4)
77 creatures vanquished.

Vanquished Creatures (others)
  2 humans (Lair:4)
  6 fungi
  5 plants
13 creatures vanquished.

Grand Total: 433 creatures vanquished

Notes
Turn   | Place    | Note
-------+----------+-------------------------------------------
     0 | D:1      | Gorice the Demonspawn Necromancer began the quest for the Orb.
     0 | D:1      | Reached XP level 1. HP: 13/13 MP: 3/3
    36 | D:1      | Learned a level 1 spell: Animate Skeleton
   353 | D:1      | Gained mutation: You are partially covered in large bone plates. (SH +4) [demonic ancestry]
   353 | D:1      | Reached XP level 2. HP: 19/19 MP: 3/5
   524 | D:1      | Reached skill level 5 in Necromancy
   756 | D:1      | Gained mutation: You have a pair of small horns on your head. [demonic ancestry]
   756 | D:1      | Reached XP level 3. HP: 20/24 MP: 0/6
   945 | D:2      | Learned a level 3 spell: Vampiric Draining
  1437 | D:2      | Noticed Ijyb
  1478 | D:2      | Killed Ijyb
  1478 | D:2      | Gained mutation: You are slightly more attuned to the shadows. [demonic ancestry]
  1478 | D:2      | Reached XP level 4. HP: 24/30 MP: 1/8
  1635 | D:2      | --wow, 1st potion!
  1657 | D:2      | Reached skill level 6 in Necromancy
  1790 | D:2      | Found a burning altar of Makhleb.
  1795 | D:2      | Reached skill level 3 in Spellcasting
  1875 | D:2      | Gained mutation: You have a pair of horns on your head. [demonic ancestry]
  1875 | D:2      | Reached XP level 5. HP: 29/35 MP: 4/9
  2068 | D:2      | Found a runed door.
  2072 | D:2      | Noticed Crazy Yiuf
  2089 | D:2      | Killed Crazy Yiuf
  2163 | D:3      | Found Gozag's Platinum Reserve.
  2170 | D:3      | Found an opulent altar of Gozag.
  2238 | D:3      | Noticed Terence
  2793 | D:2      | Killed Terence
  2793 | D:2      | Reached skill level 7 in Necromancy
  2910 | D:3      | Noticed Robin
  2949 | D:3      | Killed Robin
  2949 | D:3      | Reached XP level 6. HP: 39/41 MP: 8/11
  3039 | D:3      | Noticed Sigmund
  3272 | D:3      | Killed Sigmund
  3342 | D:4      | Reached skill level 4 in Spellcasting
  3342 | D:4      | Reached skill level 8 in Necromancy
  3432 | D:4      | Gained mutation: You are significantly more attuned to the shadows. [demonic ancestry]
  3432 | D:4      | Reached XP level 7. HP: 45/46 MP: 10/13
  3658 | D:4      | Learned a level 4 spell: Animate Dead
  3663 | D:4      | Learned a level 4 spell: Control Undead
  3898 | D:4      | Found an ancient bone altar of Kikubaaqudgha.
  4072 | D:4      | Upgraded the game from 0.20-a0-269-g17f5411 to 0.20-a0-270-g8e735b6
  4074 | D:5      | Entered Level 5 of the Dungeon
  4116 | D:5      | Noticed a wyvern
  4320 | D:5      | Reached skill level 9 in Necromancy
  4984 | D:5      | Reached skill level 5 in Spellcasting
  4984 | D:5      | Gained mutation: You are mostly covered in large bone plates. (SH +6) [demonic ancestry]
  4984 | D:5      | Reached XP level 8. HP: 52/52 MP: 11/15
  5429 | D:4      | Became a worshipper of Kikubaaqudgha
  5491 | D:5      | Learned a level 3 spell: Regeneration
  5509 | D:5      | Reached skill level 10 in Necromancy
  6566 | D:6      | Reached * piety under Kikubaaqudgha
  6566 | D:6      | Identified Kikubaaqudgha's Reference Book on Dark Rites (Kikubaaqudgha gifted it to you on level 6 of the Dungeon)
  6566 | D:6      | Received a gift from Kikubaaqudgha
  6566 | D:6      | Reached skill level 6 in Spellcasting
  6655 | D:6      | Reached skill level 11 in Necromancy
  6801 | D:6      | Learned a level 2 spell: Sublimation of Blood
  6841 | D:7      | Reached skill level 1 in Fighting
  7289 | D:7      | Found a staircase to the Ecumenical Temple.
  7297 | Temple   | Entered the Ecumenical Temple
  7546 | D:7      | Reached skill level 2 in Fighting
  7546 | D:7      | Gained mutation: You are immune to rotting. [demonic ancestry]
  7546 | D:7      | Reached XP level 9. HP: 56/61 MP: 12/18
  7744 | D:7      | Noticed Prince Ribbit
  7801 | D:7      | Reached skill level 3 in Fighting
  7939 | D:7      | Killed Prince Ribbit
  7939 | D:7      | Reached skill level 7 in Spellcasting
  8126 | D:7      | Learned a level 2 spell: Corpse Rot
  8166 | D:8      | Found a basalt altar of Yredelemnul.
  8167 | D:8      | Found an opulent altar of Gozag.
  8168 | D:8      | Found a shattered altar of Ashenzari.
  8182 | D:8      | Found a shimmering altar of Xom.
  8241 | D:8      | Reached skill level 2 in Dodging
  8301 | D:8      | Reached skill level 4 in Fighting
  8307 | D:8      | Reached skill level 3 in Dodging
  8355 | D:8      | Reached skill level 5 in Fighting
  8486 | D:8      | Noticed a three-headed hydra
  8497 | D:8      | Killed a three-headed hydra
  8497 | D:8      | Reached skill level 6 in Fighting
  8497 | D:8      | Reached skill level 4 in Dodging
  8677 | D:8      | Reached XP level 10. HP: 62/76 MP: 6/20
  8685 | D:8      | Reached ** piety under Kikubaaqudgha
  8685 | D:8      | Reached skill level 5 in Dodging
  9661 | D:9      | Reached skill level 7 in Fighting
 10031 | D:10     | Entered Level 10 of the Dungeon
 10396 | D:10     | Reached skill level 6 in Dodging
 10666 | D:10     | Noticed a hill giant
 10696 | D:10     | Killed a hill giant
 11233 | D:10     | Reached skill level 8 in Fighting
 11447 | D:9      | Reached skill level 7 in Dodging
 11615 | D:10     | Reached *** piety under Kikubaaqudgha
 11615 | D:10     | Identified Kikubaaqudgha's Collected Works on Stolen Souls (Kikubaaqudgha gifted it to you on level 10 of the Dungeon)
 11615 | D:10     | Received a gift from Kikubaaqudgha
 11943 | D:11     | Found a radiant altar of Vehumet.
 12149 | D:11     | Noticed a manticore
 12162 | D:11     | Killed a manticore
 12206 | D:11     | Noticed a cyclops
 12228 | D:11     | Killed a cyclops
 12228 | D:11     | Reached XP level 11. HP: 36/87 MP: 16/21
 12241 | D:11     | Found Dal Gukh's Distillery.
 12247 | D:11     | Bought a potion of agility for 60 gold pieces
 12247 | D:11     | Bought a potion of heal wounds for 75 gold pieces
 12267 | D:11     | Reached skill level 9 in Fighting
 12289 | D:11     | Noticed a green ugly thing
 12295 | D:11     | Killed a green ugly thing
 12508 | D:11     | Reached skill level 8 in Dodging
 12527 | D:11     | Noticed a white ugly thing
 12537 | D:11     | Killed a white ugly thing
 12799 | D:11     | Reached **** piety under Kikubaaqudgha
 12950 | D:11     | Found a staircase to the Lair.
 13195 | Lair:1   | Entered Level 1 of the Lair of Beasts
 13329 | Lair:1   | Learned a level 5 spell: Agony
 13803 | Lair:1   | HP: 26/89 [komodo dragon (8)]
 14053 | Lair:2   | Reached skill level 8 in Spellcasting
 14581 | Lair:2   | Found a staircase to the Swamp.
 14621 | Lair:2   | Reached skill level 10 in Fighting
 14850 | Lair:2   | Found a staircase to the Snake Pit.
 15041 | Lair:2   | Reached skill level 9 in Dodging
 15180 | Lair:2   | HP: 27/91 [komodo dragon (12)]
 15954 | Lair:3   | Found a dark tunnel.
 15955 | Lair:3   | Noticed a lindwurm
 15963 | Lair:3   | Killed a lindwurm
 16025 | Volcano  | Entered a volcano
 16131 | Volcano  | Found a bloodstained altar of Trog.
 16131 | Volcano  | Noticed a centaur warrior
 16146 | Volcano  | Killed a centaur warrior
 16146 | Volcano  | Reached skill level 9 in Spellcasting
 16157 | Volcano  | Reached XP level 12. HP: 93/98 MP: 4/25
 16309 | Volcano  | HP: 21/98 [hell knight/bolt of fire (17)]
 17022 | Lair:3   | Reached skill level 11 in Fighting
 17536 | Lair:4   | Noticed Kirke
 18043 | Lair:4   | Reached skill level 10 in Dodging
 18048 | Lair:4   | Killed Kirke
 18073 | Lair:4   | Reached skill level 10 in Spellcasting
 18325 | Lair:4   | Noticed BattleRest's ghost (journeyman MiFi)
 18452 | Lair:1   | Learned a level 5 spell: Dispel Undead
 18643 | Lair:4   | Reached ***** piety under Kikubaaqudgha
 19086 | Lair:5   | Got a warped dire flail
 19087 | Lair:5   | Identified the cursed +1 dire flail "Wef Igas" {speed, *Drain MR+ Stlth+} (You found it on level 5 of the Lair of Beasts)
 19122 | Lair:5   | Noticed a four-headed hydra
 19207 | Lair:5   | Killed a four-headed hydra
 19230 | Lair:5   | Noticed a death yak
 19428 | Lair:5   | Noticed a five-headed hydra
 19436 | Lair:5   | Killed a five-headed hydra
 19550 | Lair:5   | Noticed a death yak
 19554 | Lair:5   | Noticed a death yak
 19554 | Lair:5   | Noticed a death yak
 19555 | Lair:5   | Noticed a death yak
 19566 | Lair:5   | Killed a death yak
 19573 | Lair:5   | Identified the Disquisition on Feathers and Cold
 19605 | Lair:5   | Killed a death yak
 19620 | Lair:5   | HP: 25/102 [death yak (11)]
 19621 | Lair:5   | Killed a death yak
 19621 | Lair:5   | Reached skill level 12 in Fighting
 19625 | Lair:5   | HP: 12/102 [death yak (25)]
 19629 | Lair:5   | Killed a death yak
 19637 | Lair:5   | Gained mutation: You have a pair of large horns on your head. [demonic ancestry]
 19637 | Lair:5   | Reached XP level 13. HP: 36/108 MP: 4/27
 19966 | Lair:5   | HP: 27/108 [seven-headed hydra (15)]
 19966 | Lair:5   | HP: 10/108 [seven-headed hydra (8)]
 19967 | Lair:5   | Slain by a seven-headed hydra

Vault maps used:
D:1:      scummos_arrival_star, st_stairs_10
D:2:      kennysheep_the_goblin_king, minmay_strange_pillars,
          makhleb_blood_cavern_becter, uniq_crazy_yiuf_cottage
D:3:      serial_aquarium, aquarium_bridge_island_large, aquarium_window_1,
          aquarium_window_corner, aquarium_view_2b, aquarium_pool_2,
          first_bread, nicolae_gozag_zags_fifth_avenue, uniq_robin, uniq_iyjb,
          uniq_sigmund, uniq_terence
D:4:      nicolae_overflow_hidden_temple
D:5:      lightli_corner_chamber
D:6:      enter_ossuary_3
D:7:      water_maze_lemuel, uniq_prince_ribbit1
D:8:      gammafunk_temple_overflow_forgotten, serial_bayou,
          serial_bayou_pond_c, serial_bayou_pond_e, serial_bayou_crossing,
          serial_bayou_pond_a, basic_altar, hangedman_ranch
D:10:     minmay_misc_feat_more_columns
D:11:     david_lair_shrubbed, serial_shops, shop, basic_altar
Temple:   minmay_crystal_spiral_temple
Lair:1:   nicolae_lair_grove_arrangements
Lair:2:   swamp_mist, minmay_snake_entry_guardpost_large,
          nicolae_quartered_pool_super, serial_bayou_shore_b,
          serial_bayou_shore_b, grunt_megastairs_3
Lair:3:   nicolae_volcano_entry_vermiform, lemuel_fruit_tree
Lair:4:   uniq_kirke
Lair:5:   minmay_slime_entry_oklob_open, minivault_25, minmay_holes,
          serial_bayou_lagoon_a
Volcano:  volcano_lake

Skill      XL: |  1  2  3  4  5  6  7  8  9 10 11 12 |
---------------+-------------------------------------+-----
Necromancy     | 5 6 7 8 9 11 | 11.0
Spellcasting   | 3 4 5 6 7 9 10 | 10.7
Fighting       | 2 6 8 10 12 | 12.1
Dodging        | 4 7 9 10 | 10.8
Stealth        | |  1.7

Action                   |  1- 3 |  4- 6 |  7- 9 | 10-12 | 13-15 || total
-------------------------+-------+-------+-------+-------+-------++-------
Melee: Mace              |     6 |    53 |   145 |   299 |    18 ||   521
       Headbutt          |     2 |     6 |    25 |    49 |     5 ||    87
 Fire: Hunting sling     |       |    17 |     4 |     3 |       ||    24
Throw: Tomahawk          |       |       |     4 |     8 |       ||    12
 Cast: Pain              |    65 |    97 |   299 |   502 |     1 ||   964
       Animate Skeleton  |    23 |    25 |    37 |    25 |     1 ||   111
       Vampiric Draining |       |     1 |       |    92 |     6 ||    99
       Control Undead    |       |       |     3 |     2 |       ||     5
       Animate Dead      |       |       |     6 |    51 |     1 ||    58
       Regeneration      |       |       |       |     2 |       ||     2
       Agony             |       |       |       |    23 |     3 ||    26
       Sublimation of Bl |       |       |       |     1 |       ||     1
Evoke: Wand              |       |     3 |     3 |    10 |       ||    16
  Use: Scroll            |     1 |    11 |     7 |    10 |       ||    29
       Potion            |       |       |       |     4 |     1 ||     5
 Stab: Sleeping          |       |       |     7 |     9 |     1 ||    17
       Distracted        |       |       |     1 |     2 |       ||     3
       Confused          |       |       |       |     3 |       ||     3
  Eat: Chunk             |     2 |     7 |    16 |    35 |     2 ||    62
       Pizza             |       |       |     1 |     3 |       ||     4
       Bread ration      |       |       |       |     1 |       ||     1
Armor: Robe              |     2 |    13 |       |       |       ||    15
       Ring mail         |       |    30 |     2 |       |       ||    32
       Leather armour    |       |       |   100 |   125 |    12 ||   237
Dodge: Dodged            |    10 |    73 |   118 |   516 |    35 ||   752
Block: Other             |     2 |    19 |    67 |   184 |    12 ||   284

Table legend:
 A = Turns spent in this place as a percentage of turns spent in the entire game.
 B = Non-inter-level travel turns spent in this place as a percentage of non-inter-level travel turns spent in the entire game.
 C = Inter-level travel turns spent in this place as a percentage of turns spent in this place.
 D = Turns resting spent in this place as a percentage of non-inter-level travel turns spent in this place.
 E = Turns spent auto-exploring this place as a percentage of non-inter-level travel turns spent in this place.
 F = Non-inter-level travel turns spent in this place divided by the number of levels of this place that you've seen.
                   A       B       C       D       E      F
               +-------+-------+-------+-------+-------+----------------------
         Total | 100.0 | 100.0 |   0.5 |   2.9 |   5.7 | 404.6
       Dungeon |  72.1 |  72.2 |   0.4 |   2.7 |   5.0 | 477.9
        Temple |   0.3 |   0.3 |   8.7 |   0.0 |  90.5 |  21.0
          Lair |  23.3 |  23.2 |   0.8 |   2.8 |   8.0 | 338.6
       Volcano |   4.3 |   4.3 |   0.0 |   7.7 |   0.0 | 312.0
               +-------+-------+-------+-------+-------+----------------------

Vault maps used:
D:1:      scummos_arrival_star, st_stairs_10
D:2:      kennysheep_the_goblin_king, minmay_strange_pillars,
          makhleb_blood_cavern_becter, uniq_crazy_yiuf_cottage
D:3:      serial_aquarium, aquarium_bridge_island_large, aquarium_window_1,
          aquarium_window_corner, aquarium_view_2b, aquarium_pool_2,
          first_bread, nicolae_gozag_zags_fifth_avenue, uniq_robin, uniq_iyjb,
          uniq_sigmund, uniq_terence
D:4:      nicolae_overflow_hidden_temple
D:5:      lightli_corner_chamber
D:6:      enter_ossuary_3
D:7:      water_maze_lemuel, uniq_prince_ribbit1
D:8:      gammafunk_temple_overflow_forgotten, serial_bayou,
          serial_bayou_pond_c, serial_bayou_pond_e, serial_bayou_crossing,
          serial_bayou_pond_a, basic_altar, hangedman_ranch
D:10:     minmay_misc_feat_more_columns
D:11:     david_lair_shrubbed, serial_shops, shop, basic_altar
Temple:   minmay_crystal_spiral_temple
Lair:1:   nicolae_lair_grove_arrangements
Lair:2:   swamp_mist, minmay_snake_entry_guardpost_large,
          nicolae_quartered_pool_super, serial_bayou_shore_b,
          serial_bayou_shore_b, grunt_megastairs_3
Lair:3:   nicolae_volcano_entry_vermiform, lemuel_fruit_tree
Lair:4:   uniq_kirke
Lair:5:   minmay_slime_entry_oklob_open, minivault_25, minmay_holes,
          serial_bayou_lagoon_a
Volcano:  volcano_lake
